[Event "Nordstansblixten 2025"]
[Site "Nordstan, Göteborg, Sweden"]
[Date "2025.05.10"]
[Round "7.5"]
[White "Hammar, Arvid"]
[Black "Andersson, Stig"]
[Result "0-1"]
[TimeControl "3 minutes + 2 seconds per move from move one"]
[WhiteFideId "1735977"]
[BlackFideId "1731971"]
[WhiteElo "1667"]
[BlackElo "1837"]

1. c4 Nf6 2. g3 g6 3. Bg2 Bg7 4. Nc3 O-O 5. e3 c5 6.
Nge2 Nc6 7. O-O d6 8. d4 Bg4 9. d5 Nb8 10. Re1 a6 11. f3 Bd7 12. e4 Qc8 13. Nf4 b5 14. b3 b4 15.
Nce2 a5 16. Bb2 a4 17. Bxf6 Bxf6 18. Rb1 axb3 19. axb3 Rd8 20. Qd2 Na6 21. Kf2 Nc7 22. h4 h5 23. Rg1 Bg7 24. Nd3 Ne8 25.
f4 Bh3 26. Ke1 Bxg2 27. Rxg2 Qh3 28. Rf2 Ra3 29. Nec1 Qxg3 30. Ne2 Qxh4 31. Qe3 Rda8 32. e5 Bh6 33. exd6 exd6 34. Qe7 Ra2 35.
Qxh4 Bg7 36. Rb2 Ra1+ 37. Kd2 Nf6 38. Qh3 Ne4+ 39. Ke3 Nxf2 40. Nxf2 Re1 41. Nd3 Re8+ 42. Kf3 Rd1 43. Qd7 Rxd3+ 44. Kf2 Rde3 45. Ra2 Bd4 46.
Nxd4 cxd4 47. Ra7 Rf8 48. Qxd6 Rxb3 49. Ra6 d3 50. Qe5 Rc3 51. d6 d2 52. Ra1 Rc1 53. Qd5 Rxa1 54. Qxd2 b3 55.
d7 Ra2 56. d8=Q Rxd8 57. Ke3 Raxd2 58. c5 R2d3+ 59. Ke4 b2 60. c6 Rc3 61. c7 Rxc7 62. Ke5 b1=Q 63. Kf6 Qf5# 0-1

[Event "Nordstansblixten 2025"]
[Site "Nordstan, Göteborg, Sweden"]
[Date "2025.05.10"]
[Round "7.7"]
[White "Bergdahl, Martin"]
[Black "Kenani, Dariush"]
[Result "0-1"]
[TimeControl "3 minutes + 2 seconds per move from move one"]
[WhiteFideId "1782231"]
[BlackFideId "1707973"]
[WhiteElo "1867"]
[BlackElo "1933"]

1. e4 c5 2. Nf3 Nc6 3. c3 Nf6 4. e5 Nd5 5. Bc4 Nb6 6. Bb3 e6 7. O-O d5 8. exd6 Bxd6 9. Re1 O-O 10. Bc2 Qc7 11. Bxh7+ Kxh7 12. Ng5+ Kg6 13. Qg4 f5 14. Qh4 Bxh2+ 15. Kh1 Bf4 16.
Nxe6 Bxe6 17. Rxe6+ Rf6 18. Rxf6+ gxf6 19. Na3 Qh7 20. Qxh7+ Kxh7 21. Nc2 Ne5 22. g3 Bh6 23. f4 Nd3 24.
Ne3 Kg6 25. Ng2 Rh8 26. Nh4+ Kf7 27. Nxf5 Nxc1 28. Rxc1 Bxf4+ 29. Kg2 Bc7 30. Re1 Re8 31. Rh1 Be5 32. Nh6+ Kg6 33. Ng4 Nd5 34. d4 cxd4 35. cxd4 Bxd4 36. Rd1 Re4 37. Nf2 Bxf2 38. Rxd5 Bb6 39. Rd7 Re2+ 40. Kf3 Rxb2 41. Rxb7 Rxa2 0-1

[Event "Nordstansblixten 2025"]
[Site "Nordstan, Göteborg, Sweden"]
[Date "2025.05.10"]
[Round "7.8"]
[White "Cigoja, Vuk"]
[Black "Mohammed, Safian Haj"]
[Result "1-0"]
[TimeControl "3 minutes + 2 seconds per move from move one"]
[WhiteFideId "14411628"]
[BlackFideId "1729276"]
[WhiteElo "1719"]
[BlackElo "1874"]

1. e4 c5 2. Nf3 d6 3. d4 cxd4 4. Nxd4 Nf6 5. Nc3 g6 6.
Bc4 Bg7 7. h3 O-O 8. O-O Nc6 9.
Nde2 Bd7 10. Bb3 Rc8 11. Be3 Ne5 12. f4 Nc4 13. Bf2 a6 14. a4 Nxb2 15. Qd2 Nc4 16. Qd3 b5 17. Rab1 Ne8 18. Nd5 Nc7 19. Bxc4 bxc4 20.
Qxc4 Nxd5 21. Qxd5 Rxc2 22. Qd3 Rc8 23. Bd4 Bxa4 24. Bxg7 Kxg7 25. Qd4+ e5 26. Qxa4 exf4 27. Nxf4 Qg5 28. Qd4+ Kg8 29. Rb7 Rc2 30. Qd3 Rfc8 31. Rb3 a5 32. Qxd6 a4 33. Rbf3 h5 34. R3f2 R2c6 35.
Qd5 Qg3 36. Ne2 Qe3 37. Qxf7+ Kh8 38. Qf3 Qg5 39. Nf4 Rc3 40. Qd1 Rg3 41. Qd4+ Kh7 42. Qd7+ Kh6 43. Qxc8 1-0

[Event "Nordstansblixten 2025"]
[Site "Nordstan, Göteborg, Sweden"]
[Date "2025.05.10"]
[Round "7.9"]
[White "Gustavsson, Ville"]
[Black "Molokov, Andrey"]
[Result "1-0"]
[TimeControl "3 minutes + 2 seconds per move from move one"]
[WhiteFideId "1792822"]
[BlackFideId "1780450"]
[WhiteElo "1798"]
[BlackElo "1592"]

1. e4 c5 2. c3 Nc6 3. d4 cxd4 4. cxd4 g6 5. Nf3 Bg7 6. Nc3 e6 7. Bd3 Nge7 8. O-O Nxd4 9.
Be3 Ndc6 10. Rc1 O-O 11. Qd2 d5 12. Bh6 dxe4 13. Bxg7 Kxg7 14. Nxe4 b6 15. Rfd1 Bb7 16. Qf4 Nd5 17.
Qg3 Nce7 18. Bc4 Nf5 19. Qe5+ f6 20. Qxe6 Re8 21. Rxd5 Bxd5 22. Qxd5 Qxd5 23. Bxd5 Rad8 24. Bc6 Re6 25. Ng3 Nd4 26. Nxd4 Rxd4 27. Bf3 Rd8 28. h3 Rde8 29.
Rc7+ R8e7 30. Rc1 Re1+ 31. Rxe1 Rxe1+ 32. Kh2 Rb1 33. b3 Rb2 34. Bd5 Rxa2 35. Ne4 Ra5 36. Bc4 f5 37. Nd6 Rc5 38. Nb5 a6 39. Nd4 b5 40. Ne6+ Kf6 41. Nxc5 bxc4 42. bxc4 a5 43. Na4 Ke5 44. Kg3 Kd4 45. c5 Kd5 46. Kf4 Kc6 47. Kg5 Kb5 48. Nb6 Kxc5 49. Na4+ Kb5 50.
Nb2 Kb4 51. Kh6 Kb3 52. Nd3 a4 53. Nc5+ Kb4 54. Nxa4 Kxa4 55. Kxh7 Kb4 56. Kxg6 Kc5 57. Kxf5 Kd6 58. Kf6 Kd5 59. g4 Ke4 60.
g5 Kf3 61. h4 Kg4 62. g6 Kh5 63. g7 Kxh4 64. g8=Q Kh3 1-0

[Event "Nordstansblixten 2025"]
[Site "Nordstan, Göteborg, Sweden"]
[Date "2025.05.10"]
[Round "7.10"]
[White "Madevan Vaishnavi, Yaashvan"]
[Black "Alsjo, Sigge"]
[Result "0-1"]
[TimeControl "3 minutes + 2 seconds per move from move one"]
[WhiteFideId "1772180"]
[BlackFideId "1794027"]
[WhiteElo "1717"]
[BlackElo "1539"]

1. e4 c6 2. d4 d5 3. e5 c5 4. c3 Nc6 5. Nf3 e6 6. Be3 cxd4 7. cxd4 Nge7 8.
Nc3 Nf5 9. Bd3 Nxe3 10. fxe3 Bb4 11. O-O O-O 12. Qc2 a6 13. Bxh7+ Kh8 14. Bd3 b5 15. Nd2 Kg8 16. Bh7+ Kh8 17. Rf3 g6 18. Rh3 Kg7 19. Bxg6 fxg6 20. Rg3 Kf7 21. Qxg6+ Ke7 22. Nxd5+ Qxd5 23.
Ne4 a5 24. Rh3 Kd8 25. Rh7 Ne7 26. Qg7 Re8 27. Nf6 a4 28. Nxe8 Kxe8 29. Rh8+ Kd7 30. Qf8 Bb7 0-1

[Event "Nordstansblixten 2025"]
[Site "Nordstan, Göteborg, Sweden"]
[Date "2025.05.10"]
[Round "8.1"]
[White "Bergdahl, Daniel"]
[Black "Karlsson, Stefan"]
[Result "0-1"]
[TimeControl "3 minutes + 2 seconds per move from move one"]
[WhiteFideId "1780921"]
[BlackFideId "1771183"]
[WhiteElo "1855"]
[BlackElo "2128"]

1. e4 c5 2. Nf3 d6 3.
c3 Nf6 4. Be2 g6 5. O-O Bg7 6. Bb5+ Nc6 7. d4 Qb6 8. Bxc6+ Qxc6 9. Re1 Bg4 10.
h3 Bxf3 11. Qxf3 O-O 12. Nd2 cxd4 13.
cxd4 Nd7 14. Nb3 a5 15. Be3 a4 16. Nd2 Qc2 17. Rab1 Rfc8 18. Rec1 Qd3 19. Rd1 Rc2 20. Nf1 Qc4 21. Nd2 Qxa2 22. Ra1 Qxb2 23. Rdb1 Qc3 24. Qg4 Nf6 25. Qd1 Rc8 26. Rxa4 0-1

[Event "Nordstansblixten 2025"]
[Site "Nordstan, Göteborg, Sweden"]
[Date "2025.05.10"]
[Round "8.2"]
[White "Olivius, Sten"]
[Black "Wellevit, Tomas"]
[Result "0-1"]
[TimeControl "3 minutes + 2 seconds per move from move one"]
[WhiteFideId "1788728"]
[BlackFideId "1731963"]
[WhiteElo "1874"]
[BlackElo "2131"]

1. e4 c5 2. Nc3 Nc6 3. Nf3 e6 4. Bc4 Nf6 5. d3 Be7 6.
h3 Nd4 7. e5 Ng8 8. Nxd4 cxd4 9.
Nb5 a6 10. Nd6+ Bxd6 11. exd6 Qa5+ 12. Kf1 Qe5 13. Qg4 b5 14. Bf4 Qf6 15. Bb3 Bb7 16.
Re1 Nh6 17. Qg3 Nf5 18. Qg4 h5 19.
Qe2 O-O 20. Qxh5 a5 21. Be5 Qg6 22.
Qxg6 fxg6 23. a3 a4 24. Ba2 Ne3+ 25. Ke2 Nxg2 26. Reg1 Nf4+ 27. Bxf4 Bxh1 28. Rxh1 Rxf4 29. Rg1 Kh7 30. Rg4 Rxg4 31. hxg4 g5 32. c4 dxc3 33. bxc3 Rc8 34. c4 bxc4 35. dxc4 Kg6 36. Ke3 Kf6 37. Kd4 Rb8 38.
Kc3 Ke5 39. c5 Ke4 40. Bxe6 dxe6 41. c6 Rc8 42. c7 Kd5 43.
Kb4 Kxd6 44. Kxa4 Rxc7 0-1

[Event "Nordstansblixten 2025"]
[Site "Nordstan, Göteborg, Sweden"]
[Date "2025.05.10"]
[Round "8.3"]
[White "Ring, Sami"]
[Black "Andersson, Stig"]
[Result "1-0"]
[TimeControl "3 minutes + 2 seconds per move from move one"]
[WhiteFideId "1785869"]
[BlackFideId "1731971"]
[WhiteElo "1712"]
[BlackElo "1837"]

1. e4 e5 2. Nf3 Nc6 3. Bc4 d6 4. O-O Be7 5. h3 Nf6 6. d3 O-O 7. c3 h6 8. Nbd2 Be6 9. Bxe6 fxe6 10. Qb3 Qc8 11. Re1 Kh7 12. Nf1 Nh5 13. N1h2 Nd8 14. d4 exd4 15. cxd4 Bf6 16. e5 Be7 17. Bd2 d5 18. Rac1 c6 19.
Qc2+ Kh8 20. Re3 Nf4 21. Kf1 Rf5 22. Rc3 Qd7 23. Bxf4 Rxf4 24. Qd2 Rf5 25. Ng4 Bg5 26. Nxg5 Rxg5 27.
Rf3 Nf7 28. b4 Kg8 29. Qe3 Rf8 30. Rc3 a6 31. a3 Qe7 32. Nh2 Rg6 33. Rg3 Ng5 34. h4 Ne4 35. Rxg6 Qf7 36. Rg3 Nxc3 37.
Rf3 Qg6 38. Qxc3 Qb1+ 39. Qe1 Rxf3 40. Nxf3 Qa2 41. Qe3 Qc4+ 42.
Kg1 a5 43. Nd2 Qc1+ 44. Nf1 Qd1 45. Qd2 Qg4 46. g3 axb4 47.
axb4 Qg6 48. Ne3 Qe4 49. Qc2 Qxd4 50.
Qc5 Qa1+ 51. Kg2 Qa6 52. Qe7 Qd3 53. Qxe6+ Kh8 54. Qe8+ Kh7 55. e6 Qe4+ 56. Kh2 d4 57. Ng2 Qf3 58.
Qf7 Qd5 59. Nf4 1-0

[Event "Nordstansblixten 2025"]
[Site "Nordstan, Göteborg, Sweden"]
[Date "2025.05.10"]
[Round "8.5"]
[White "Kenani, Dariush"]
[Black "Cigoja, Vuk"]
[Result "1-0"]
[TimeControl "3 minutes + 2 seconds per move from move one"]
[WhiteFideId "1707973"]
[BlackFideId "14411628"]
[WhiteElo "1933"]
[BlackElo "1719"]

1. d4 Nf6 2. Nf3 e6 3. c4 c6 4. Nc3 Bb4 5. e3 O-O 6. Bd3 d5 7. O-O Bxc3 8. bxc3 Ne4 9. Qc2 f5 10. Ne5 Nd7 11. f3 Nxe5 12.
dxe5 Nc5 13. a4 Qa5 14. Ba3 Rd8 15. Bb4 Qc7 16. Bxc5 Qxe5 17. Bd4 Qd6 18. c5 Qc7 19. f4 Qe7 20.
a5 Bd7 21. Rab1 Be8 22. Rb2 g5 23. Rfb1 Rd7 24. Qf2 gxf4 25. Qxf4 Bg6 26. Qe5 Rad8 27. Rf1 Rf8 28. Rbf2 Kf7 29.
h3 Ke8 30. Rb1 1-0

[Event "Nordstansblixten 2025"]
[Site "Nordstan, Göteborg, Sweden"]
[Date "2025.05.10"]
[Round "8.6"]
[White "Hammar, Arvid"]
[Black "Buzleta, Patrik"]
[Result "1-0"]
[TimeControl "3 minutes + 2 seconds per move from move one"]
[WhiteFideId "1735977"]
[BlackFideId "1755463"]
[WhiteElo "1667"]
[BlackElo "1950"]

1. c4 e6 2. d4 a6 3. Nc3 g6 4. g3 Bg7 5. Bg2 d6 6. Nf3 h6 7. O-O Nf6 8. e4 Nbd7 9. Re1 Rb8 10. e5 dxe5 11. dxe5 Nh7 12. Bf4 O-O 13. Qd2 g5 14.
Be3 b6 15. b3 c5 16. Rad1 Qc7 17. Ne4 Rd8 18. Qc2 g4 19. Nh4 Nxe5 20. Nd6 Rxd6 21. Rxd6 Qxd6 22. Bf4 Bb7 23. Bxb7 Rxb7 24. Qe2 Nf3+ 25. Nxf3 gxf3 26. Qxf3 Qd7 27. Qg4 Nf6 28.
Qf3 b5 29. Rd1 Qc8 30. Be5 Nd7 31. Bxg7 Kxg7 32. Qg4+ Kh7 33. Qe4+ Kg8 34. Qg4+ Kh8 35. Qf4 Kh7 36. Qxf7+ Kh8 37. Qxe6 bxc4 38. Qxc4 Ne5 39. Qc3 Qe8 40. Re1 Re7 41. f4 Kh7 42. fxe5 Qc6 43. Kg2 Qd5+ 44. Kg1 1-0

[Event "Nordstansblixten 2025"]
[Site "Nordstan, Göteborg, Sweden"]
[Date "2025.05.10"]
[Round "8.7"]
[White "Kadunic, Admir"]
[Black "Wennerholm, Camilla"]
[Result "1-0"]
[TimeControl "3 minutes + 2 seconds per move from move one"]
[WhiteFideId "1773542"]
[BlackFideId "1776380"]
[WhiteElo "2109"]
[BlackElo "1599"]

1. d4 Nf6 2. Bg5 c5 3. d5 d6 4. c4 Nbd7 5. Nc3 b6 6. e4 Bb7 7. Bd3 h6 8.
Bh4 g5 9. Bg3 Bg7 10. Nge2 O-O 11. O-O Nh5 12. Qd2 a6 13. a4 Ndf6 14. f4 e6 15. fxg5 hxg5 16. Qxg5 e5 17. Bh4 Bc8 18.
Rf3 Bg4 19. Rf2 Qe7 20. Raf1 Rae8 21. h3 Bd7 22. Qe3 Qd8 23. g4 Nf4 24. Nxf4 exf4 25. Rxf4 Nh7 26. Bxd8 Rxd8 27. e5 Bxe5 28.
Qe4 Bf5 29. Qxf5 1-0

[Event "Nordstansblixten 2025"]
[Site "Nordstan, Göteborg, Sweden"]
[Date "2025.05.10"]
[Round "8.8"]
[White "Alsjo, Sigge"]
[Black "Gustavsson, Ville"]
[Result "0-1"]
[TimeControl "3 minutes + 2 seconds per move from move one"]
[WhiteFideId "1794027"]
[BlackFideId "1792822"]
[WhiteElo "1539"]
[BlackElo "1798"]

1. e4 c6 2. d4 d5 3. e5 c5 4.
dxc5 e6 5. Be3 Nd7 6. Bb5 Ne7 7. Bxd7+ Bxd7 8. Nf3 Nf5 9. Bd4 Qc7 10. c3 Be7 11.
O-O Bxc5 12. Re1 O-O 13.
Nbd2 Rac8 14. Nb3 Bxd4 15. cxd4 b6 16. Rc1 Qb7 17.
h3 Ba4 18. Rxc8 Rxc8 19. Qd3 Rc4 20.
Rc1 Bxb3 21. Rxc4 Bxc4 22. Qxc4 dxc4 23. Nd2 Nxd4 24. Nxc4 Qd5 25. Nd2 Ne2+ 26. Kh2 Qxd2 27. b4 Qf4+ 28. Kh1 Qxf2 0-1

[Event "Nordstansblixten 2025"]
[Site "Nordstan, Göteborg, Sweden"]
[Date "2025.05.10"]
[Round "8.9"]
[White "Munuswamy, Shivakumar"]
[Black "Sivarama, Saadhvik"]
[Result "0-1"]
[TimeControl "3 minutes + 2 seconds per move from move one"]
[WhiteFideId "1788914"]
[BlackFideId "1773720"]
[WhiteElo "1458"]
[BlackElo "1592"]

1. e4 c5 2. b3 d6 3. Bb2 Nf6 4.
Nc3 g6 5. Nf3 Bg7 6. Bb5+ Bd7 7. Qe2 O-O 8.
O-O-O Nc6 9. Bxc6 Bxc6 10. e5 Bxf3 11. gxf3 dxe5 12. Qxe5 Ng4 13. Qg3 Ne5 14. f4 Nc6 15. h4 h5 16.
Rhe1 e5 17. Qg5 Qxg5 18. fxg5 f6 19. Nd5 fxg5 20. hxg5 Rxf2 21. Nf6+ Bxf6 22. gxf6 Rxf6 23. Bxe5 Nxe5 24. Rxe5 b6 25.
d4 cxd4 26. Rxd4 Raf8 27. Re7 R8f7 28. Rd8+ Kg7 29. Ree8 Rf8 30. Rd7+ R6f7 31. Rxf8 Kxf8 32. Rd6 Kg7 33. Kd2 g5 34.
Rd4 Kg6 35. c4 g4 36. Ke2 Kg5 37. Rd5+ Kh4 38. c5 bxc5 39. Rxc5 g3 40. Rc4+ Kh3 41. Ra4 g2 0-1

[Event "Nordstansblixten 2025"]
[Site "Nordstan, Göteborg, Sweden"]
[Date "2025.05.10"]
[Round "9.1"]
[White "Wellevit, Tomas"]
[Black "Karlsson, Stefan"]
[Result "0-1"]
[TimeControl "3 minutes + 2 seconds per move from move one"]
[WhiteFideId "1731963"]
[BlackFideId "1771183"]
[WhiteElo "2131"]
[BlackElo "2128"]

1. e4 c5 2. Nf3 d6 3. Bc4 Nf6 4. d3 Nc6 5. O-O e6 6. a3 Be7 7.
c3 d5 8.
exd5 exd5 9. Ba2 O-O 10. d4 Bg4 11. Be3 cxd4 12. cxd4 Qb6 13.
Nc3 Rfd8 14. Na4 Qc7 15. b4 Ne4 16. Rc1 Qd7 17. Nc5 Bxc5 18. bxc5 Qf5 19. Bb1 Qh5 20. Bd3 Ne7 21. Be2 Nf5 22.
Qd3 Nh4 23. Bf4 Bxf3 24. Bxf3 Nxf3+ 25. Qxf3 Qxf3 26. gxf3 Nf6 27. Rb1 Rd7 28. Rb4 Re8 29. Rfb1 b6 30. cxb6 axb6 31. Rxb6 Ra7 32. R1b3 Nh5 33. Be3 f5 34. f4 Nf6 35.
f3 Nd7 36. R6b5 Rea8 37. Bc1 Ra4 38. Bb2 Rc8 39. Kf2 Rc2+ 40. Ke3 Nf6 41. Rb8+ Kf7 42. R8b4 Ra8 43. Rc3 Re8+ 44. Kd3 Rf2 45. Rc7+ Kg6 46. Rc3 Ree2 47. Bc1 Rxh2 48. Rb6 Ra2 49. Rbb3 Rhf2 0-1

[Event "Nordstansblixten 2025"]
[Site "Nordstan, Göteborg, Sweden"]
[Date "2025.05.10"]
[Round "9.2"]
[White "Torres, Lucas"]
[Black "Ring, Sami"]
[Result "1-0"]
[TimeControl "3 minutes + 2 seconds per move from move one"]
[WhiteFideId "1769464"]
[BlackFideId "1785869"]
[WhiteElo "1805"]
[BlackElo "1712"]

1. e4 c5 2. Nc3 Nc6 3. Bb5 Nd4 4. Nf3 Nxb5 5. Nxb5 a6 6.
Nc3 g6 7. d4 cxd4 8. Qxd4 Nf6 9. Bg5 Bg7 10. O-O O-O 11.
Qd2 d6 12. Rad1 b5 13. e5 Ne8 14. exd6 Qxd6 15. Qxd6 exd6 16. Be7 Bxc3 17. bxc3 Be6 18. Bxf8 Kxf8 19. a3 Rc8 20. Nd4 Bc4 21. Rfe1 d5 22. Re3 Nd6 23. Rde1 Kg7 24. f3 Nb7 25. Re7 Nc5 26. Ra7 Na4 27.
Ree7 Rh8 28. Rxf7+ Kh6 29. h4 Kh5 30. Rxh7+ 1-0

[Event "Nordstansblixten 2025"]
[Site "Nordstan, Göteborg, Sweden"]
[Date "2025.05.10"]
[Round "9.3"]
[White "Bergdahl, Daniel"]
[Black "Kenani, Dariush"]
[Result "1/2-1/2"]
[TimeControl "3 minutes + 2 seconds per move from move one"]
[WhiteFideId "1780921"]
[BlackFideId "1707973"]
[WhiteElo "1855"]
[BlackElo "1933"]

1. e4 c5 2. Nf3 d6 3. c3 Nc6 4. d4 cxd4 5.
cxd4 g6 6. Nc3 Bg7 7. Bc4 e6 8.
O-O Nge7 9. d5 Ne5 10. Nxe5 Bxe5 11. dxe6 Bxe6 12. Bxe6 fxe6 13. Bh6 Nc6 14. Nb5 a6 15. Nc3 Qh4 16. g3 Qxh6 17. Qg4 Ke7 18. Ne2 Raf8 19. Rad1 Qg7 20.
f4 Bd4+ 21. Kg2 h5 22. Qf3 h4 23. Nxd4 Nxd4 24. Qd3 hxg3 25. Qxd4 Qxd4 26. Rxd4 Rxh2+ 27. Kxg3 Rxb2 28. Rc1 Rd8 29.
Rh1 e5 30. fxe5 Rxa2 31. exd6+ Rxd6 32. Rh7+ Ke6 33. Rxd6+ Kxd6 34. Rxb7 Ke5 35. Re7+ Kf6 36. Rb7 a5 37. Kf4 g5+ 38.
Kg4 Rg2+ 39. Kf3 Ra2 40. Kg4 Rg2+ 41. Kf3 Ra2 42. Kg4 1/2-1/2

[Event "Nordstansblixten 2025"]
[Site "Nordstan, Göteborg, Sweden"]
[Date "2025.05.10"]
[Round "9.4"]
[White "Gustavsson, Ville"]
[Black "Kadunic, Admir"]
[Result "0-1"]
[TimeControl "3 minutes + 2 seconds per move from move one"]
[WhiteFideId "1792822"]
[BlackFideId "1773542"]
[WhiteElo "1798"]
[BlackElo "2109"]

1. e4 d6 2. d4 c5 3. dxc5 Qa5+ 4. c3 Qxc5 5. Be3 Qa5 6. Nf3 Nf6 7. Nbd2 Nc6 8. Bc4 g6 9. O-O Bg7 10. Nb3 Qd8 11. Re1 O-O 12. Bd4 Bg4 13. h3 Bxf3 14.
Qxf3 Nxd4 15. Nxd4 Qb6 16. Re2 Nd7 17.
Rd1 Ne5 18. Bxf7+ Rxf7 19. Qe3 Nc4 20.
Qc1 Bxd4 21. cxd4 Na5 22. b3 Nc6 23. Qc4 Raf8 24. e5 Qb4 25. Qe6 Nxd4 26. exd6 Nxe6 27. dxe7 Rxe7 28. Rd3 Rfe8 29. Rde3 Nd4 30. Rxe7 0-1

[Event "Nordstansblixten 2025"]
[Site "Nordstan, Göteborg, Sweden"]
[Date "2025.05.10"]
[Round "9.5"]
[White "Sivarama, Saadhvik"]
[Black "Olivius, Sten"]
[Result "0-1"]
[TimeControl "3 minutes + 2 seconds per move from move one"]
[WhiteFideId "1773720"]
[BlackFideId "1788728"]
[WhiteElo "1592"]
[BlackElo "1874"]

1. e4 e6 2. d4 d5 3. e5 c5 4. c3 Nc6 5. Nf3 Qb6 6. Be2 Nge7 7. O-O Nf5 8. Qd2 Bd7 9. Rd1 Rc8 10. Na3 cxd4 11. cxd4 Bb4 12. Qd3 Bxa3 13. bxa3 Na5 14.
Be3 Nc4 15. Rdb1 Qa6 16. Qb3 b5 17.
Rc1 Nfxe3 18. fxe3 O-O 19. Rc3 Na5 20. Qb2 Rxc3 21. Qxc3 Nc4 0-1

[Event "Nordstansblixten 2025"]
[Site "Nordstan, Göteborg, Sweden"]
[Date "2025.05.10"]
[Round "9.7"]
[White "Bergdahl, Martin"]
[Black "Hammar, Arvid"]
[Result "0-1"]
[TimeControl "3 minutes + 2 seconds per move from move one"]
[WhiteFideId "1782231"]
[BlackFideId "1735977"]
[WhiteElo "1867"]
[BlackElo "1667"]

1. e4 e5 2. Nf3 Nc6 3.
Bb5 Nf6 4. O-O d6 5. c3 a6 6.
Ba4 b5 7. Bb3 Be7 8. d4 Na5 9. dxe5 dxe5 10. Nxe5 O-O 11.
Qxd8 Bxd8 12. Bd5 Nxd5 13. exd5 Bb7 14. b4 Nc4 15. Nxc4 bxc4 16. Rd1 Bf6 17. Bb2 Rad8 18. Na3 Bxd5 19. Nc2 Be4 20. Ne3 Bd3 21. Ng4 Bg5 22.
Ne5 f6 23. Nf3 h5 24. Nd4 Rfe8 25. Re1 Rxe1+ 26. Rxe1 Kh7 27. Re7 Bg6 28. Rxc7 Re8 29. h3 Re1+ 30. Kh2 Rb1 31. Ba3 Bf4+ 32. g3 Bxc7 33. Ne6 Be5 34. Nc5 Ra1 35. Bb2 Rxa2 36. Bc1 Ra1 37. Be3 Bd3 38. Nxa6 Rxa6 0-1

[Event "Nordstansblixten 2025"]
[Site "Nordstan, Göteborg, Sweden"]
[Date "2025.05.10"]
[Round "9.8"]
[White "Buzleta, Patrik"]
[Black "Mohammed, Safian Haj"]
[Result "0-1"]
[TimeControl "3 minutes + 2 seconds per move from move one"]
[WhiteFideId "1755463"]
[BlackFideId "1729276"]
[WhiteElo "1950"]
[BlackElo "1874"]

1. Nf3 c5 2. b3 d5 3. e3 Nc6 4. h3 Nf6 5. Bb2 Qc7 6. d3 e5 7. g4 h6 8. Nbd2 Be6 9. a3 Bd6 10. Qe2 d4 11. Bg2 dxe3 12. fxe3 Nd5 13. Ne4 Be7 14. O-O-O O-O-O 15. Kb1 Kb8 16. Rhg1 f6 17. Nh4 Qa5 18.
c4 Nc7 19. Nc3 a6 20. Ng6 Rhe8 21. h4 Bd6 22. Ne4 Bg8 23. g5 hxg5 24. hxg5 Bh7 25. Nxd6 Rxd6 26. Bxc6 Rxc6 27. gxf6 gxf6 28. Qh5 Bg8 29. Nh4 Qb6 30.
Qh8 Bxc4 31. Qxf6 Rxf6 32. Kc1 0-1

[Event "Nordstansblixten 2025"]
[Site "Nordstan, Göteborg, Sweden"]
[Date "2025.05.10"]
[Round "9.9"]
[White "Cigoja, Vuk"]
[Black "Eriksson, Leo"]
[Result "1-0"]
[TimeControl "3 minutes + 2 seconds per move from move one"]
[WhiteFideId "14411628"]
[BlackFideId "1795406"]
[WhiteElo "1719"]
[BlackElo "1641"]

1. e4 c5 2. Nf3 Nc6 3. d4 cxd4 4. Nxd4 Nf6 5. Nxc6 bxc6 6. Bd3 e5 7. Nc3 Bb4 8. Bd2 O-O 9. a3 Bxc3 10.
Bxc3 d5 11. Qe2 d4 12. Bd2 Be6 13. Bg5 h6 14. Bd2 Rb8 15. b3 c5 16. O-O Nd7 17. Bc4 Bxc4 18. Qxc4 Qc7 19. f4 Nb6 20. Ba5 Nxc4 21. Bxc7 Rb7 22. Bxe5 Nd2 23. Rfe1 Re8 24. Bd6 Rxe4 25. Bxc5 Rxf4 26.
Rad1 Ne4 27. Rxd4 Nxc5 28. Rxf4 Rd7 29. Rc4 Ne6 30. Re2 g5 31. b4 Nf4 32. Re1 f5 33. a4 h5 34. a5 Kf7 35. b5 Kf6 36. Rc6+ Kf7 37. b6 axb6 38. axb6 Ne6 39. Rcxe6 1-0

[Event "Nordstansblixten 2025"]
[Site "Nordstan, Göteborg, Sweden"]
[Date "2025.05.10"]
[Round "9.10"]
[White "Madevan Vaishnavi, Yaashvan"]
[Black "Dasari, Joel"]
[Result "1-0"]
[TimeControl "3 minutes + 2 seconds per move from move one"]
[WhiteFideId "1772180"]
[BlackFideId "1789562"]
[WhiteElo "1717"]
[BlackElo "1520"]

1. e4 e5 2. Nf3 Nc6 3. d4 exd4 4. Bc4 Nf6 5. O-O d5 6. exd5 Nxd5 7. Nxd4 Nb6 8. Nxc6 Qxd1 9. Rxd1 bxc6 10. Bb3 Nd5 11. c4 Nb6 12. Nc3 Be6 13.
Bf4 Nxc4 14. Bxc4 Bxc4 15. Bxc7 Bb4 16. Rd4 Bxc3 17. Rxc4 Bxb2 18. Re1+ Kd7 19. Bg3 Rhe8 20. Rd1+ Ke7 21.
Bd6+ Kd7 22. Ba3+ Kc7 23. Bxb2 Red8 24. Be5+ Kb6 25. Rb1+ Ka5 26. Bc7+ Ka6 27. Rxc6# 1-0